 Seeded DCSS version 0.28.0-43-g3370ac3207 (webtiles) character file.

Game seed: 69420690 (custom seed)

433 dudediamond6 the Chopper (level 6, -2/59 HPs)
             Began as a Troll Artificer on Mar 3, 2022.
             Was a Believer of Cheibriados.
             Slain by a killer bee (7 damage)
             ... on level 3 of the Dungeon.
             The game lasted 00:10:07 (2429 turns).

dudediamond6 the Chopper (Troll Artificer)          Turns: 2429, Time: 00:10:09

Health: -2/59      AC:  5    Str: 26    XL:     6   Next: 67%
Magic:  5/5        EV: 10    Int: 12    God:    Cheibriados [**....]
Gold:   89         SH:  0    Dex: 17    Spells: 5/5 levels left

rFire   . . .      SeeInvis .   o - +0 war axe
rCold   . . .      Faith    .   (no shield)
rNeg    . . .      Spirit   .   s - +1 animal skin
rPois   .          Reflect  .   (helmet restricted)
rElec   .          Harm     .   (no cloak)
rCorr   .          Rampage  .   (gloves unavailable)
Will    .....                   (boots unavailable)
Stlth   ++........              (no amulet)
HPRegen 0.99/turn               (no ring)
MPRegen 0.09/turn               (no ring)

@: lethally poisoned (-2 -> -2), very slow
A: large, unfitting armour, claws 3, regeneration 1, shaggy fur 1, tough skin 1
a: Renounce Religion, Bend Time


You were on level 3 of the Dungeon.
You worshipped Cheibriados.
Cheibriados was pleased with you.
You visited 1 branch of the dungeon, and saw 4 of its levels.

You collected 89 gold pieces.

Inventory:

Hand Weapons
 a - a +0 club
 c - a +1 falchion of freezing
 f - a +0 short sword
 o - a +0 war axe (weapon)
 r - a +2 falchion of protection
Missiles
 g - 32 stones
 k - 43 sling bullets
Armour
 b - a +0 robe
 q - a +0 chain mail
 s - a +1 animal skin (worn)
Wands
 d - a wand of charming (7)
Scrolls
 h - 4 scrolls of identify {unknown}
 i - 3 scrolls of magic mapping {unknown}
 j - a scroll of summoning {unknown}
 n - a scroll of immolation {unknown}
 p - a scroll of teleportation {unknown}
Potions
 l - a potion of might {unknown}
 m - 2 potions of flight {unknown}
 u - a potion of lignification {unknown}
 v - a potion of resistance {unknown}
Miscellaneous
 e - a piece from Xom's chessboard (15/15)


   Skills:
 + Level 2.5 Fighting
 - Level 0.6 Short Blades
 * Level 3.4 Axes
 - Level 2.3 Dodging
 + Level 1.8 Stealth
 - Level 2.6 Evocations


You had 5 spell levels left.
You didn't know any spells.
Your spell library was empty.

Dungeon Overview and Level Annotations

Branches:
Dungeon (4/15)
 Temple: D:4-7

Altars:
Cheibriados


Innate Abilities, Weirdness & Mutations

You are too large for most types of armour.
You have claws for hands.
Your natural rate of healing is unusually fast.
You are covered in fur. (AC +1)
You have tough skin. (AC +1)


Message History

Cheibriados thoroughly appreciates the change of pace.
You feel sick.
You see here a +0 dagger of venom.
You start resting.
You feel sick.
The killer bee is no longer charmed.
The killer bee barely misses you. x2
You are too injured to fight recklessly!
You are too injured to fight recklessly!
You are too injured to fight recklessly!
You are too injured to fight recklessly!
You barely miss the killer bee.
The killer bee is heavily wounded.
You feel sick.
You are no longer poisoned.
The killer bee stings you.
* * * LOW HITPOINT WARNING * * *
The killer bee closely misses you.
The killer bee stings you but does no damage.
You barely miss the killer bee.
The killer bee is heavily wounded.
The killer bee misses you. The killer bee barely misses you.
The killer bee closely misses you.
You miss the killer bee.
The killer bee is heavily wounded.
The killer bee stings you!
* * * LOW HITPOINT WARNING * * *
You are poisoned.
The killer bee poisons you!
The killer bee stings you but does no damage.
Aiming: Charm
Press: ? - help, Q - select action, (/) - cycle Shift-Dir - straight line, f - killer bee
Aim: a killer bee (heavily wounded, chance to affect: 64%)
The killer bee struggles to resist.
You feel sick. The killer bee closely misses you. The killer bee misses you.
Aiming: Charm
Press: ? - help, Q - select action, (/) - cycle Shift-Dir - straight line, f/p - killer bee
Aim: a killer bee (heavily wounded, chance to affect: 64%)
The killer bee struggles to resist.
You feel sick. The killer bee closely misses you. The killer bee stings you!
You die...

.##################.#.#.# .#
#######.#.#.# .# #.......#.#.#
## #.#######.#.# # #.#
#.#.######### # #.#
#.#..........
#############.####
#.###########
...............y># #.#
####.......##..#@# #.# #
#.......##..#.# #.# #
#.......##..#.# #.#
####.......##..#.# #.#
...............#.# #.#
####.......###.#.# #.#
#.......# #.#.# #.#
####.......###.#.## #.#
[.................###.########


You could see a killer bee.

Vanquished Creatures
  A water moccasin (D:4)
  A centaur (D:4)
  A killer bee (D:3)
  A hound (D:4)
  Terence (D:3)
  Robin (D:3)
  2 adders (D:2)
  A worm (D:3)
  3 dart slugs
  3 orcs (D:3)
  10 endoplasms
  4 goblins (D:3)
  9 hobgoblins
  3 jackals (D:1)
  A quokka (D:4)
  2 ball pythons
  3 bats
  6 frilled lizards
  5 kobolds
  2 rats
60 creatures vanquished.

Vanquished Creatures (collateral kills)
  A ball python (D:4)
  An endoplasm (D:3)
  A goblin (D:3)
  A rat (D:3)
4 creatures vanquished.

Vanquished Creatures (others)
  2 killer bees (D:4)
  A ball python (D:4)
3 creatures vanquished.

Grand Total: 67 creatures vanquished

Notes
Turn   | Place    | Note
-------+----------+-------------------------------------------
     0 | D:1      | dudediamond6 the Troll Artificer began the quest for the
                  | Orb.
     0 | D:1      | Reached XP level 1. HP: 18/18 MP: 0/0
   190 | D:1      | Reached XP level 2. HP: 26/26 MP: 1/1
  1118 | D:2      | Reached XP level 3. HP: 27/32 MP: 2/2
  1165 | D:2      | Reached skill level 1 in Fighting
  1303 | D:2      | Found a faded altar of an unknown god.
  1345 | D:2      | Prayed at the altar of an unknown god.
  1345 | D:2      | Became a worshipper of Cheibriados the Contemplative
  1345 | D:2      | Reached * piety under Cheibriados
  1452 | D:3      | Identified the +0 helmet "Essankeo" {Regen+ Str+3}
  1452 | D:3      | Noticed Robin
  1457 | D:3      | Killed Robin
  1458 | D:3      | Reached skill level 1 in Axes
  1458 | D:3      | Reached XP level 4. HP: 40/41 MP: 3/3
  1985 | D:3      | Noticed Terence
  1990 | D:3      | Reached ** piety under Cheibriados
  2026 | D:3      | Killed Terence
  2027 | D:3      | Reached skill level 1 in Stealth
  2123 | D:4      | Noticed a water moccasin
  2129 | D:4      | Killed a water moccasin
  2130 | D:4      | Reached skill level 2 in Axes
  2130 | D:4      | Reached XP level 5. HP: 28/49 MP: 4/4
  2228 | D:3      | Reached XP level 6. HP: 17/57 MP: 5/5
  2347 | D:4      | Reached skill level 3 in Axes
  2408 | D:4      | HP: 2/59 [poisoned by a killer bee]
  2429 | D:3      | Slain by a killer bee

Illustrated notes

Levels and vault maps discovered:
D:1:      wheals_arrival_linesprint, layout_loops_ring, serial_aquarium,
          aquarium_bridge_square [aquarium_subvault_bridge,
          aquarium_subvault_bridge, aquarium_subvault_bridge,
          aquarium_subvault_window], aquarium_bridge_square
          [aquarium_subvault_window, aquarium_subvault_bridge,
          aquarium_subvault_wall, aquarium_subvault_window],
          aquarium_window_corner, aquarium_window_corner, aquarium_view_2b,
          aquarium_balcony_double_1, aquarium_pool_2, minivault_19
D:2:      layout_loops_ring, ebering_ecumenical_altar_box
D:3:      layout_basic, minmay_misc_feat_rows, uniq_robin, uniq_terence
D:4:      layout_loops_ring, nicolae_yredelemnul_corpse_copse,
          lemuel_old_faithful

Skill      XL: |  1  2  3  4  5  6 |
---------------+-------------------+-----
Dodging        | 2 |  2.3
Fighting       | 1 2 |  2.5
Axes           | 1 2 3 |  3.4
Stealth        | 1 |  1.8
Short Blades   | |  0.6
Evocations     | |  2.6

Action                   |  1- 3 |  4- 6 || total
-------------------------+-------+-------++-------
Melee: Short sword       |    58 |       ||    58
       Club              |     1 |       ||     1
       Punch             |     1 |       ||     1
       War axe           |    38 |    75 ||   113
Evoke: Wand              |    13 |    10 ||    23
  Use: Potion            |       |     2 ||     2
 Stab: Sleeping          |     3 |     5 ||     8
Armor: Robe              |    40 |     3 ||    43
       Animal skin       |       |    36 ||    36
Dodge: Dodged            |    56 |    69 ||   125
